 Dungeon Crawl Stone Soup version 0.30.1-11-g7821555f0a (webtiles) character file.

Game seed: 12507975948256258893

352 KittyFluff the Cudgeller (level 6, -5/58 HPs)
             Began as a Gargoyle Berserker on Nov 4, 2023.
             Was a Priest of Trog.
             Killed by divine providence
             ... invoked by an orc priest
              (10 damage)
             ... on level 7 of the Dungeon.
             The game lasted 00:12:37 (2932 turns).

KittyFluff the Cudgeller (Gargoyle Berserker)       Turns: 2932, Time: 00:12:40

Health: -5/58      AC: 11    Str: 23    XL:     6   Next: 61%
Magic:  6/6        EV: 11    Int:  7    God:    Trog [***...]
Gold:   148        SH:  3    Dex:  9    Spells: 5/5 levels left

rFire   . . .        a - +0 mace
rCold   . . .        o - +0 buckler
rNeg    + . .        n - +0 leather armour
rPois   ∞            (no helmet)
rElec   +            (no cloak)
rCorr   .            (no gloves)
SInv    .            (no boots)
Will    .....        (no amulet) Stlth
                     l - +4 ring of protection
HPRegen 0.29/turn    (no ring)
MPRegen 0.10/turn

%: no passive effects
@: berserking, very quick
A: sickness immunity, AC +4, negative energy resistance 1, electricity
resistance, torment resistance 1, petrification resistance
a: Renounce Religion, Berserk, Trog's Hand


You were on level 7 of the Dungeon.
You worshipped Trog.
Trog was most pleased with you.
You visited 1 branch of the dungeon, and saw 5 of its levels.

You collected 193 gold pieces.
You spent 45 gold pieces at shops.

Inventory:

Hand Weapons
 a - a +0 mace (weapon)
Missiles
 d - a curare-tipped dart
 g - 11 boomerangs (quivered)
Armour
 n - a +0 leather armour (worn)
 o - a +0 buckler (worn)
Jewellery
 l - a +4 ring of protection (left hand)
Scrolls
 c - 2 scrolls of identify {unknown}
 e - a scroll of poison {unknown}
 f - 2 scrolls of vulnerability {unknown}
 h - a scroll of silence {unknown}
 j - 2 scrolls of teleportation
 k - a scroll of brand weapon {unknown}
 m - a scroll of blinking {unknown}
Potions
 b - 2 potions of curing {unknown}
 i - a potion of lignification {unknown}


   Skills:
 + Level 4.3 Fighting
 * Level 4.7 Maces & Flails
 * Level 4.3 Armour
 + Level 2.5 Dodging
 + Level 1.7 Shields


You had 5 spell levels left.
You didn't know any spells.
Your spell library was empty.

Dungeon Overview and Level Annotations

Branches:
Dungeon (4/15)
 Temple: D:4-7

Altars:
Elyvilon
Hepliaklqana

Shops:
D:2 [

Annotations:
D:3 2 transporters


Innate Abilities, Weirdness & Mutations

You are immune to sickness and miasma.
Your stone body is resilient. (AC +4)
You are immune to poison.
You resist negative energy. (rN+)
You are resistant to electric shocks. (rElec)
You are resistant to unholy torment.
You are immune to petrification.


Message History

The orc priest looks satisfied for a moment.
An orc priest comes into view. It is wielding a +0 hand axe.
The orc priest shouts!
The orc warrior barely misses you.
The orc warrior attacks as you move away!
The orc warrior hits you but does no damage.
You barely miss the orc.
The orc warrior zaps a wand.
The puff of flame hits you.
You sock the orc!
You kill the orc!
Trog accepts your kill.
You closely miss the orc warrior. The orc warrior barely misses you.
You sock the orc!
You kill the orc!
Trog accepts your kill.
The orc priest mumbles some strange prayers to Beogh against you.
Beogh smites you!
The orc warrior hits you with a +0 flail.
The orc priest mumbles some strange prayers to Beogh against you.
Pain shoots through your body!
A red film seems to cover your vision as you go berserk!
You feel yourself moving faster!
You feel mighty!
The orc priest mumbles some strange prayers to Beogh against you.
Pain shoots through your body!
* * * LOW HITPOINT WARNING * * *
You block the orc warrior's attack.
You sock the orc warrior!
The orc warrior is heavily wounded.
You barely miss the orc warrior.
The orc warrior is heavily wounded.
The orc priest hits you but does no damage.
The orc warrior hits you with a +0 flail!
* * * LOW HITPOINT WARNING * * *
You hit the orc warrior but do no damage.
The orc warrior is heavily wounded.
The orc warrior hits you with a +0 flail.
* * * LOW HITPOINT WARNING * * *
The orc priest calls down the wrath of Beogh upon you.
Beogh smites you!
You die...

# #.#.##########.# #
#..............# #
##.###..##.....## #
#...†............
##.....#.######......##
.#######.# #.######
.........### #..# ....
#..........# ##o###
..... #..........#
#@oo# .....
####.......#
###o####....#
..##.......#
####......o.#
..##.).....#
#...........#
..##.......#
#...........#
..##.......#
#..........##
..##.......#
#..........####
..##.......#
#..............
..##.......#
##########.>...


You could see an orc warrior, 2 orc priests and an orc.

Vanquished Creatures
  A kobold brigand (D:7)
  2 howler monkeys (D:7)
  2 orc priests
  An orc wizard (D:7)
  An adder (D:2)
  An ufetubus (D:3)
  A worm (D:2)
  4 dart slugs
  8 orcs
  7 ball pythons
  9 endoplasms
  4 giant cockroaches
  5 goblins
  10 hobgoblins
  15 kobolds
  3 quokkas
  6 bats
  A frilled lizard (D:1)
  6 rats
87 creatures vanquished.

Notes
Turn   | Place    | Note
-------+----------+-------------------------------------------
     0 | D:1      | KittyFluff the Gargoyle Berserker began the quest for the
                  | Orb.
     0 | D:1      | Reached XP level 1. HP: 14/14 MP: 1/1
   127 | D:1      | Reached XP level 2. HP: 11/19 MP: 2/2
   545 | D:1      | Reached XP level 3. HP: 11/23 MP: 3/3
  1034 | D:1      | Reached ** piety under Trog
  1118 | D:2      | Found a faded altar of an unknown god.
  1315 | D:2      | Found Bikak's Armour Emporium.
  1533 | D:2      | Reached XP level 4. HP: 29/29 MP: 4/4
  2047 | D:3      | Found a transporter.
  2059 | D:3      | Found a transporter.
  2187 | D:3      | Reached *** piety under Trog
  2327 | D:2      | Bought a +0 buckler for 45 gold pieces
  2430 | D:4      | Reached XP level 5. HP: 33/33 MP: 5/5
  2507 | D:4      | You fall into a shaft and drop 3 floors!
  2537 | D:7      | Found a hazy altar of Hepliaklqana.
  2554 | D:7      | Reached skill level 1 in Shields
  2562 | D:7      | Noticed a kobold brigand
  2589 | D:7      | Killed a kobold brigand
  2590 | D:7      | Reached XP level 6. HP: 18/38 MP: 6/6
  2800 | D:7      | Found a white marble altar of Elyvilon.
  2911 | D:7      | Noticed an orc warrior
  2932 | D:7      | Killed from afar by an orc priest

Illustrated notes

Levels and vault maps discovered:
D:1:      dpeg_arrival_long_road, layout_loops_corners,
          nicolae_concentric_dashed_squares_mild, minmay_misc_feat_pillars,
          minmay_tromino_v4_b
D:2:      layout_basic, ebering_ecumenical_altar_petrified, serial_shops, shop
D:3:      gammafunk_wand_slinger, layout_rooms, minmay_misc_feat_enclosed,
          dreamdust_princess_corridor, minmay_surrounded
D:4:      layout_loops_ring, minmay_temple_entry_arrows, gup_sewer_entry_bowl,
          uniq_edmund
D:7:      layout_basic, chei_slow_surprise, mainiacjoe_overflow_small_starburst,
          nzn_wu_jian_council_hall, mainiacjoe_overflow_six_doors_small,
          pf_just_have_faith

Skill      XL: |  1  2  3  4  5 |
---------------+----------------+-----
Armour         | 3 4 |  4.3
Dodging        | 2 |  2.5
Maces & Flails | 4 |  4.7
Fighting       | 4 |  4.3
Shields        | 1 |  1.7

Action                     |  1- 3 |  4- 6 || total
---------------------------+-------+-------++-------
  Melee: Mace              |   106 |   184 ||   290
         Punch             |     1 |       ||     1
 Invoke: Berserk           |       |     3 ||     3
    Use: Scroll            |       |     1 ||     1
         Potion            |       |     1 ||     1
 Armour: Animal skin       |    47 |    27 ||    74
         Leather armour    |       |    50 ||    50
  Dodge: Dodged            |    77 |   101 ||   178
  Block: Buckler           |       |    14 ||    14
